 Dungeon Crawl Stone Soup version 0.28.0 (webtiles) character file.

Game seed: 15046674984659272603

570 Sanktem7 the Chopper (level 7, 0/62 HPs)
             Began as a Minotaur Fighter on Feb 18, 2022.
             Slain by Edmund (12 damage)
             ... on level 4 of the Dungeon.
             The game lasted 00:04:45 (2830 turns).

Sanktem7 the Chopper (Minotaur Fighter)             Turns: 2830, Time: 00:04:45

Health: 0/62       AC:  7    Str: 23    XL:     7   Next: 11%
Magic:  6/6        EV: 10    Int:  5    God:
Gold:   166        SH:  4    Dex:  9    Spells: 6/6 levels left

rFire   + . .      SeeInvis .   a - +0 war axe
rCold   . . .      Faith    .   c - +0 buckler
rNeg    . . .      Spirit   .   b - +0 scale mail
rPois   .          Reflect  .   (helmet restricted)
rElec   .          Harm     .   (no cloak)
rCorr   +          Rampage  .   (no gloves)
Will    .....                   (no boots)
Stlth   ..........              n - amulet of regeneration
HPRegen 1.00/turn               i - ring of resist corrosion
MPRegen 0.10/turn               j - ring of protection from fire

@: no status effects
A: horns 2, retaliatory headbutt
a: no special abilities


You were on level 4 of the Dungeon.
You visited 1 branch of the dungeon, and saw 4 of its levels.

You collected 166 gold pieces.

Inventory:

Hand Weapons
 a - a +0 war axe (weapon)
Armour
 b - a +0 scale mail (worn)
 c - a +0 buckler (worn)
Jewellery
 i - a ring of resist corrosion (left hand)
 j - a ring of protection from fire (right hand)
 m - a ring of wizardry
 n - an amulet of regeneration (around neck)
Scrolls
 f - a scroll of identify {unknown}
 l - 2 scrolls of teleportation {unknown}
 q - 2 scrolls of amnesia {unknown}
Potions
 d - a potion of might
 e - a potion of curing {unknown}
 g - a potion of cancellation {unknown}
 h - a potion of flight {unknown}
 k - 3 potions of degeneration {unknown}
 o - a potion of berserk rage {unknown}
 p - a potion of haste


   Skills:
 * Level 5.6 Fighting
 * Level 6.8 Axes
 + Level 5.6 Armour
 + Level 1.5 Dodging
 - Level 3.6 Shields


You had 6 spell levels left.
You didn't know any spells.
Your spell library contained the following spells:

 Spells                   Type           Power      Damage    Failure   Level
 Freeze                   Ice            0%         1d3       86%         1
 Blink                    Tloc           0%         N/A       94%         2
 Frozen Ramparts          Ice            0%         1d2       99%         3
 Lesser Beckoning         Tloc           0%         N/A       99%         3
 Ozocubu's Armour         Ice            0%         N/A       99%         3
 Summon Guardian Golem    Hex/Summ       0%         N/A       99%         3
 Hailstorm                Conj/Ice       0%         3d3       100%        4
 Manifold Assault         Tloc           0%         N/A       100%        5
 Metabolic Englaciation   Hex/Ice        0%         N/A       100%        5
 Simulacrum               Ice/Necr       0%         N/A       100%        6
 Orb of Destruction       Conj           0%         9d5       100%        7
 Spellforged Servitor     Conj/Summ      0%         N/A       100%        7


Dungeon Overview and Level Annotations

Branches:
Dungeon (4/15)
 Temple: D:4-7

Altars:

Annotations:
D:4 Edmund


Innate Abilities, Weirdness & Mutations

You have a pair of horns on your head.
You reflexively headbutt those who attack you in melee.


Message History

Edmund hits you with a +5 flail of protection!
You barely miss Edmund. You headbutt Edmund.
Edmund is severely wounded.
You block Edmund's attack.
You closely miss Edmund.
Edmund is severely wounded.
Edmund barely misses you.
You hit Edmund but do no damage. Your headbutt misses Edmund.
Edmund is severely wounded.
Edmund hits you with a +5 flail of protection!
Edmund completely misses you. You furiously retaliate!
You headbutt Edmund, but do no damage. You closely miss Edmund.
Edmund is severely wounded.
Edmund says, "A flail is better than a scythe, any day of the week!"
Edmund hits you but does no damage.
You completely miss Edmund.
Edmund is severely wounded.
Edmund hits you with a +5 flail of protection!
You barely miss Edmund.
Edmund is severely wounded.
Edmund hits you with a +5 flail of protection.
You hit Edmund. You headbutt Edmund, but do no damage.
Edmund is severely wounded.
You block Edmund's attack.
You barely miss Edmund.
Edmund is severely wounded.
Edmund hits you with a +5 flail of protection.
Edmund hits you with a +5 flail of protection!
* * * LOW HITPOINT WARNING * * *
You hit Edmund but do no damage. Your headbutt misses Edmund.
Edmund is severely wounded.
Edmund barely misses you.
You closely miss Edmund.
Edmund is severely wounded.
You block Edmund's attack.
You hit Edmund but do no damage. You headbutt Edmund!
Edmund is almost dead.
Edmund hits you with a +5 flail of protection!
You die...

### .. .. ... .. . .....
##########.# . ....(
#........#..##. ....
#........# ...###..#
#........####...<.#
..................#
#.........###.!...###.##
#)..............@@......
#####.....####..........
.......#### ##.........
.......# #.......(.
.......# #.........
.......# ##..).....
.......# ##.[.#...
.......## #.###..
........####


You could see Edmund.

Vanquished Creatures
  Grinder (D:4)
  A scorpion (D:4)
  A hound (D:4)
  An orc priest (D:4)
  Natasha (thrice) (D:4)
  An orc wizard (D:4)
  Robin (D:2)
  7 gnolls
  An adder skeleton (D:4)
  A worm (D:2)
  2 dart slugs
  11 orcs
  6 ball pythons
  4 bats
  5 endoplasms
  2 giant cockroaches
  9 goblins
  10 hobgoblins
  A quokka (D:3)
  5 frilled lizards
  5 kobolds
  4 rats
82 creatures vanquished.

Notes
Turn   | Place    | Note
-------+----------+-------------------------------------------
     0 | D:1      | Sanktem7 the Minotaur Fighter began the quest for the Orb.
     0 | D:1      | Reached XP level 1. HP: 19/19 MP: 0/0
   117 | D:1      | Reached XP level 2. HP: 27/27 MP: 1/1
   277 | D:1      | Reached skill level 3 in Axes
   381 | D:1      | Found a faded altar of an unknown god.
   580 | D:2      | Reached XP level 3. HP: 27/33 MP: 2/2
   674 | D:2      | Noticed Robin
   685 | D:2      | Killed Robin
  1015 | D:2      | Reached XP level 4. HP: 40/41 MP: 3/3
  1017 | D:2      | Reached skill level 4 in Axes
  2396 | D:4      | Noticed Grinder
  2421 | D:4      | Reached skill level 5 in Axes
  2421 | D:4      | Reached XP level 5. HP: 21/47 MP: 4/4
  2472 | D:4      | Reached skill level 5 in Fighting
  2477 | D:4      | Paralysed by Grinder for 5 turns
  2491 | D:4      | Paralysed by Grinder for 4 turns
  2503 | D:4      | Paralysed by Grinder for 4 turns
  2505 | D:4      | HP: 2/48 [Grinder (6)]
  2571 | D:4      | Killed Grinder
  2572 | D:4      | Reached skill level 6 in Axes
  2572 | D:4      | Reached skill level 5 in Armour
  2572 | D:4      | Reached skill level 1 in Dodging
  2572 | D:4      | Reached XP level 6. HP: 56/56 MP: 5/5
  2585 | D:4      | Noticed Natasha
  2589 | D:4      | Killed Natasha
  2623 | D:4      | Noticed Natasha
  2638 | D:4      | Killed Natasha
  2726 | D:4      | Noticed Natasha
  2734 | D:4      | Killed Natasha
  2735 | D:4      | Reached XP level 7. HP: 48/61 MP: 6/6
  2814 | D:4      | Noticed Edmund
  2830 | D:4      | Slain by Edmund

Illustrated notes

Levels and vault maps discovered:
D:1:      minmay_arrival_hallway, layout_rooms,
          shapermc_ecumenical_altar_mp_highgroup
D:2:      layout_basic, minmay_fountain_box, uniq_robin
D:3:      layout_loops_corners, serial_bayou_pond_a
D:4:      layout_rooms, grunt_dithmenos_smoke, uniq_natasha, uniq_grinder,
          uniq_edmund

Skill      XL: |  1  2  3  4  5 |
---------------+----------------+-----
Armour         | 4 5 |  5.6
Axes           | 3 5 6 |  6.8
Fighting       | 4 5 |  5.6
Dodging        | 1 |  1.5
Shields        | |  3.6

Action                   |  1- 3 |  4- 6 |  7- 9 || total
-------------------------+-------+-------+-------++-------
Melee: War axe           |    63 |   109 |    22 ||   194
       Headbutt          |     8 |    16 |     7 ||    31
Armor: Scale mail        |    36 |    48 |     2 ||    86
Dodge: Dodged            |    30 |    53 |     6 ||    89
Block: Buckler           |    15 |    25 |     8 ||    48
